 Dungeon Crawl Stone Soup version 0.21-a0-59-g7b0e191 (webtiles) character file.

135 grindst0ne the Sneak (level 4, -1/30 HPs)
             Began as a Vampire Enchanter on June 16, 2017.
             Slain by an orc wizard
             ... wielding a +0 dagger
              (5 damage)
             ... on level 4 of the Dungeon.
             The game lasted 00:07:23 (4721 turns).

grindst0ne the Sneak (Vampire Enchanter)            Turns: 4721, Time: 00:07:24

Health: -1/30      AC:  3    Str: 10    XL:     4   Next: 96%
Magic:  7/7        EV: 13    Int: 22    God:
Gold:   235        SH:  0    Dex: 17    Spells: 1/7 levels left

rFire    + . .     SeeInvis +   a - +2 dagger
rCold    + + +     Gourm    .   (no shield)
rNeg     + + +     Faith    .   b - +0 robe
rPois    ∞         Spirit   .   j - +0 helmet
rElec    +         Reflect  .   (no cloak)
rCorr    +         Harm     .   h - +0 pair of gloves
MR       .....                  (no boots)
Stlth    ++++++....             (no amulet)
HPRegen  0.00/turn              (no ring)
MPRegen  0.10/turn              (no ring)

@: mighty, brilliant, resistant, bloodless, non-regenerating
A: fangs 3, thin skeletal structure 1, see invisible, deformed body, sense
surroundings 1, weak 1, unbreathing
a: Bat Form


You were on level 4 of the Dungeon.
You were bloodless.

You visited 1 branch of the dungeon, and saw 4 of its levels.

You collected 235 gold pieces.

Inventory:

Hand Weapons
 a - a +2 dagger (weapon)
Armour
 b - a +0 robe (worn)
 h - a +0 pair of gloves (worn)
 j - a +0 helmet (worn)
Wands
 m - a wand of iceblast (5/15)
Scrolls
 k - a scroll of identify
 n - a scroll of remove curse {unknown}
Potions
 d - 2 potions of mutation
 q - 15 potions of blood
Books
 c - a book of Maledictions

   Spells                             Type                      Level
   a - Corona                         Hexes                        1
   b - Ensorcelled Hibernation        Hexes/Ice                    2
   c - Confuse                        Hexes                        3
   d - Tukima's Dance                 Hexes                        3
   e - Dazzling Spray                 Conjuration/Hexes            3


   Skills:
 - Level 1.1 Short Blades
 - Level 2.1 Dodging
 + Level 6.8 Stealth
 - Level 2.0 Spellcasting
 + Level 6.7 Hexes


You had one spell level left.
You knew the following spells:

 Your Spells              Type           Power        Failure   Level  Hunger
a - Confuse               Hex            #####...     1%          3    ###....
b - Ensorcelled Hibernat  Hex/Ice        ####..       1%          2    ##.....
o - Corona                Hex            #####..      1%          1    #......


Dungeon Overview and Level Annotations

Branches:
Dungeon (4/15)
 Temple: D:4-7

Altars:
Hepliaklqana
Nemelex Xobeh


Innate Abilities, Weirdness & Mutations

You do not heal naturally.
You are immune to poison.
You have razor-sharp teeth.
You have supernaturally acute eyesight. (SInv)
You can survive without breathing.
You have a somewhat thin skeletal structure. (Dex +2, Stealth)
Armour fits poorly on your strangely shaped body.
You passively map a small area around you.
You are weak. (Str -2)


Message History

The orc hits you with a flail!
* * * LOW HITPOINT WARNING * * *
You bump into the rock wall.
The orc wizard misses you.
You're too confused!
You bump into the rock wall.
You feel less confused. The orc wizard closely misses you.
The frilled lizard barely misses you.
Okay, then.
As you read the scroll labeled WEGGAAFICA, it crumbles to dust.
It is a scroll of enchant weapon.
Your +1 dagger glows red for a moment.
The orc closely misses you. The orc wizard barely misses you.
The frilled lizard bites you but does no damage.
As you read the scroll labeled BOSAFO EKOSKI, it crumbles to dust.
It is a scroll of identify.
m - a wand of iceblast (5/15)
The frilled lizard closely misses you.
A phantom comes into view.
You closely miss the orc wizard. The orc wizard hits you with a dagger.
You die...

.##.####....### ,
*...............,
,
.*....o..........
, , *
........)........
* , .. *#......##
* ,.. #<.......
#. #....#.## , *
#.##..###l...#, *
.......@o....# *
,
#.##.###o......#
,, , **#.#...###
, * .....## * ,
....###* , *
###.. , W## * ..
* ,


You could see a phantom (dormant), an orc wizard, an orc and a frilled lizard.

Vanquished Creatures
  An orc wizard (D:4)
  3 adders
  5 dart slugs
  A leopard gecko (D:2)
  9 bats
  A bat skeleton (D:2)
  3 giant cockroaches
  13 goblins
  10 hobgoblins
  2 jackals (D:2)
  2 kobolds
  A quokka (D:3)
  2 frilled lizards
  10 rats
63 creatures vanquished.

Notes
Turn   | Place    | Note
-------+----------+-------------------------------------------
     0 | D:1      | grindst0ne the Vampire Enchanter began the quest for the Orb.
     0 | D:1      | Reached XP level 1. HP: 13/13 MP: 3/3
   769 | D:1      | Reached skill level 5 in Stealth
   769 | D:1      | Reached XP level 2. HP: 17/19 MP: 5/5
   775 | D:1      | Learned a level 2 spell: Ensorcelled Hibernation
   842 | D:1      | Reached skill level 5 in Hexes
  2105 | D:2      | Reached XP level 3. HP: 24/24 MP: 6/6
  2114 | D:2      | Learned a level 3 spell: Confuse
  2155 | D:2      | You fall through a shaft!
  3092 | D:2      | Found a hazy altar of Hepliaklqana.
  3363 | D:2      | Reached XP level 4. HP: 30/30 MP: 0/7
  3580 | D:2      | Found a sparkling altar of Nemelex Xobeh.
  3580 | D:2      | Found a transporter.
  4703 | D:4      | Gained mutation: You have a somewhat thin skeletal structure. (Dex +2, Stealth) [potion of mutation]
  4703 | D:4      | Gained mutation: You are weak. (Str -2) [potion of mutation]
  4703 | D:4      | Gained mutation: Armour fits poorly on your strangely shaped body. [potion of mutation]
  4703 | D:4      | Gained mutation: You passively map a small area around you. [potion of mutation]
  4719 | D:4      | Noticed a phantom
  4721 | D:4      | Slain by an orc wizard

Vault maps used:
D:1:      lightli_arrival_boilingwater, hex_large, minmay_pentomino_s2
D:2:      nicolae_overflow_hidden_temple, grunt_nemelex_the_gamble
D:4:      minmay_temple_entry_large_hall, first_bread, serial_bayou_pond_a

Skill      XL: |  1  2  3  4 |
---------------+-------------+-----
Stealth        | 5 6 |  6.8
Hexes          | 5 6 |  6.7
Short Blades   | |  1.1
Dodging        | |  2.1
Spellcasting   | |  2.0

Action                   |  1- 3 |  4- 6 || total
-------------------------+-------+-------++-------
Melee: Dagger            |   124 |    48 ||   172
       Bite              |     6 |       ||     6
 Cast: Ensorcelled Hiber |    25 |     4 ||    29
       Confuse           |     1 |     2 ||     3
  Use: Potion            |     1 |     6 ||     7
       Scroll            |       |     2 ||     2
 Stab: Sleeping          |    27 |    11 ||    38
       Confused          |     1 |     1 ||     2
       Distracted        |     1 |       ||     1
Armor: Robe              |    21 |    21 ||    42
Dodge: Dodged            |    75 |    41 ||   116
